 Dungeon Crawl Stone Soup version 0.25-a0-80-g9b55229ae5 (webtiles) character file.

Game seed: 2517205230539050675, levelgen mode: deterministic

2019 MrRokkomies the Fighter (level 9, -1/79 (81) HPs)
             Began as a Gnoll Wanderer on Nov 7, 2019.
             Was a Priest of Zin.
             Engulfed by a steam dragon's steam (4 damage)
             ... on level 6 of the Dungeon.
             The game lasted 00:18:29 (6114 turns).

MrRokkomies the Fighter (Gnoll Wanderer)            Turns: 6114, Time: 00:18:29

HP:   -1/79 (81)    AC: 10    Str: 15    XL:     9   Next: 23%
MP:   15/15         EV:  8    Int: 20    God:    Zin [***...]
Gold: 300           SH:  6    Dex: 12    Spells: 15/16 levels left

rFire    . . .     SeeInvis .   a - +1 dagger (venom)
rCold    . . .     Gourm    .   f - +2 buckler {rPois}
rNeg     . . .     Faith    .   i - +0 chain mail
rPois    +         Spirit   .   s - +0 helmet (curse)
rElec    .         Reflect  .   (no cloak)
rCorr    +         Harm     .   (no gloves)
MR       .....                  (no boots)
Stlth    ..........             (no amulet)
HPRegen  0.23/turn              y - ring of resist corrosion
MPRegen  0.14/turn              (no ring)

@: drained
A: distributed training, fangs 1, strong nose
a: Recite, Vitalisation, Imprison, Donate Gold, Renounce Religion


You were on level 6 of the Dungeon.
You worshipped Zin.
Zin was most pleased with you.
You were not hungry.

You visited 1 branch of the dungeon, and saw 6 of its levels.

You collected 333 gold pieces.
You donated 33 gold pieces to Zin.

Inventory:

Hand Weapons
 a - a +1 dagger of venom (weapon)
 b - a +0 hunting sling
 j - a +2 spear
Missiles
 e - 280 stones (quivered)
 h - 93 sling bullets
 k - 40 poisoned darts
 n - 8 boomerangs
 t - 2 curare-tipped darts
Armour
 f - a +2 buckler of poison resistance (worn)
 i - a +0 chain mail (worn)
 s - a cursed +0 helmet (worn)
Jewellery
 m - an uncursed ring of fire
 y - a ring of resist corrosion (left hand)
 C - an uncursed ring of stealth {unknown}
Wands
 o - a wand of iceblast (10)
 u - a wand of flame (17)
 z - a wand of acid (4)
Scrolls
 c - 3 scrolls of teleportation
 l - a scroll of noise {unknown}
 p - a scroll of enchant armour {unknown}
 q - 6 scrolls of remove curse
 r - a scroll of amnesia {unknown}
 w - 3 scrolls of fear {unknown}
 x - a scroll of identify
 A - a scroll of holy word {unknown}
Potions
 g - a potion of agility
 v - a potion of degeneration {unknown}
 B - 2 potions of heal wounds
Comestibles
 d - 13 rations


   Skills:
 + Level 11.0(10.2) Fighting
 + Level 4.0(3.3) Short Blades
 + Level 4.0(3.3) Long Blades
 + Level 4.0(3.3) Axes
 + Level 4.0(3.3) Maces & Flails
 + Level 4.0(3.3) Polearms
 + Level 4.0(3.3) Staves
 + Level 4.0(3.3) Slings
 + Level 4.0(3.3) Bows
 + Level 4.0(3.3) Crossbows
 + Level 4.8(4.1) Throwing
 + Level 4.0(3.3) Armour
 + Level 6.1(5.4) Dodging
 + Level 4.6(4.0) Stealth
 + Level 4.0(3.3) Shields
 + Level 4.0(3.3) Unarmed Combat
 + Level 4.0(3.3) Spellcasting
 + Level 3.2(2.6) Conjurations
 + Level 3.2(2.6) Hexes
 + Level 3.2(2.6) Charms
 + Level 3.2(2.6) Summonings
 + Level 3.2(2.6) Necromancy
 + Level 3.2(2.6) Translocations
 + Level 3.2(2.6) Transmutations
 + Level 3.2(2.6) Fire Magic
 + Level 3.2(2.6) Ice Magic
 + Level 3.2(2.6) Air Magic
 + Level 3.2(2.6) Earth Magic
 + Level 3.2(2.6) Poison Magic
 + Level 4.3(3.7) Invocations
 + Level 4.8(4.1) Evocations


You had 15 spell levels left.
You knew the following spells:

 Your Spells              Type           Power        Failure   Level  Hunger
a - Confusing Touch       Hex            ##....       71%         1    None

Your spell library contained the following spells:

 Spells                   Type           Power        Failure   Level  Hunger
 Animate Skeleton         Necr           N/A          71%         1    None
 Apportation              Tloc           ##....       71%         1    None
 Summon Small Mammal      Summ           ##..         71%         1    None


Dungeon Overview and Level Annotations

Branches:
Dungeon (6/15)
 Temple: D:4-7

Altars:
Elyvilon
Fedhas
Makhleb
Okawaru
Qazlal
Vehumet
Xom
Zin

Shops:
D:4 ((%


Innate Abilities, Weirdness & Mutations

Your experience applies equally to all skills.
You have very sharp teeth.
Your uncanny sense of smell can sniff out nearby items.


Message History

The steam dragon bites you.
The steam dragon claws you but does no damage.
You closely miss the steam dragon.
The steam dragon is lightly wounded.
You block the steam dragon's attack. x2
You hit the steam dragon but do no damage.
Your bite misses the steam dragon.
The steam dragon is moderately wounded.
The steam dragon bites you but does no damage.
The steam dragon claws you.
You hit the steam dragon but do no damage.
The steam dragon looks as sick as possible!
The steam dragon is moderately wounded.
The steam dragon breathes steam at you. The ball of steam hits you!!
* * * LOW HITPOINT WARNING * * *
You closely miss the steam dragon.
The steam dragon is moderately wounded.
You are engulfed in a cloud of scalding steam.
You die...

.# ##.###### .# #>...... .#
##...... .# ###...... .####
..##...... ..P.########
.≈...##.....
..≈≈≈P.≈P..#########P≈.... #.....
...........PP^..P≈≈.P≈.... #.....
..P^PP≈P≈.^...§§@D........ #)†...
..≈.≈.P#######≈PP.≈.P≈...P##.....
..PP≈### #######≈PP≈P.#......
###### ##PP###...... ####.#....
#....... #....... #..)....
#...####


You could see a steam dragon.

Vanquished Creatures
  Pikel (D:5)
  A steam dragon (D:6)
  A necrophage (D:6)
  2 ogres
  A centaur (D:6)
  Blork the orc (D:4)
  A bullfrog (D:6)
  A scorpion (D:4)
  2 electric eels (D:3)
  A crimson imp (D:5)
  A bullfrog zombie (D:6)
  A hound (D:6)
  2 jellies
  5 orc priests
  An iguana (D:6)
  6 orc wizards
  A bullfrog skeleton (D:6)
  Natasha (thrice) (D:2)
  3 worker ants
  Robin (D:3)
  6 adders
  3 oozes
  2 dart slugs
  A leopard gecko (D:2)
  20 orcs
  6 bats
  8 giant cockroaches
  13 goblins
  10 hobgoblins
  17 jackals
  4 quokkas
  2 ball pythons
  3 frilled lizards
  10 kobolds
  7 rats
148 creatures vanquished.

Vanquished Creatures (others)
  An orc wizard (D:5)
  2 orcs (D:5)
3 creatures vanquished.

Grand Total: 151 creatures vanquished

Notes
Turn   | Place    | Note
-------+----------+-------------------------------------------
     0 | D:1      | Reached skill level 10 in Fighting
     0 | D:1      | MrRokkomies the Gnoll Wanderer began the quest for the Orb.
     0 | D:1      | MrRokkomies set off with the following items: a +2 spear, a
                  | +0 ring mail, a scroll of teleportation, a ration
     0 | D:1      | Reached XP level 1. HP: 28/28 MP: 2/2
    48 | D:1      | Reached XP level 2. HP: 35/36 MP: 3/3
   272 | D:1      | Reached XP level 3. HP: 39/42 MP: 4/4
   521 | D:1      | Reached skill level 1 in Invocations
   859 | D:2      | Noticed Natasha
   869 | D:2      | Killed Natasha
   869 | D:2      | Reached skill level 1 in Short Blades
   869 | D:2      | Reached skill level 1 in Long Blades
   869 | D:2      | Reached skill level 1 in Axes
   869 | D:2      | Reached skill level 1 in Maces & Flails
   869 | D:2      | Reached skill level 1 in Polearms
   869 | D:2      | Reached skill level 1 in Staves
   869 | D:2      | Reached skill level 1 in Slings
   869 | D:2      | Reached skill level 1 in Bows
   869 | D:2      | Reached skill level 1 in Crossbows
   869 | D:2      | Reached skill level 1 in Armour
   869 | D:2      | Reached skill level 1 in Shields
   869 | D:2      | Reached skill level 1 in Unarmed Combat
   869 | D:2      | Reached skill level 1 in Spellcasting
   869 | D:2      | Reached XP level 4. HP: 33/48 MP: 4/6
   959 | D:2      | Found a shimmering altar of Xom.
  1217 | D:2      | Noticed Natasha
  1228 | D:2      | Killed Natasha
  1228 | D:2      | Reached skill level 1 in Conjurations
  1228 | D:2      | Reached skill level 1 in Hexes
  1228 | D:2      | Reached skill level 1 in Charms
  1228 | D:2      | Reached skill level 1 in Summonings
  1228 | D:2      | Reached skill level 1 in Necromancy
  1228 | D:2      | Reached skill level 1 in Translocations
  1228 | D:2      | Reached skill level 1 in Transmutations
  1228 | D:2      | Reached skill level 1 in Fire Magic
  1228 | D:2      | Reached skill level 1 in Ice Magic
  1228 | D:2      | Reached skill level 1 in Air Magic
  1228 | D:2      | Reached skill level 1 in Earth Magic
  1228 | D:2      | Reached skill level 1 in Poison Magic
  1260 | D:2      | Reached XP level 5. HP: 50/54 MP: 7/7
  1460 | D:2      | Noticed Natasha
  1464 | D:2      | Killed Natasha
  1806 | D:3      | Found a transporter.
  1831 | D:3      | Found a transporter.
  1981 | D:3      | Noticed Robin
  2019 | D:3      | Killed Robin
  2353 | D:3      | Reached XP level 6. HP: 58/61 MP: 8/8
  2874 | D:3      | Found a white marble altar of Elyvilon.
  2874 | D:3      | Found a blossoming altar of Fedhas.
  2879 | D:3      | Found a burning altar of Makhleb.
  2881 | D:3      | Found an iron altar of Okawaru.
  2882 | D:3      | Found a faded altar of an unknown god.
  2885 | D:3      | Became a worshipper of Zin the Law-Giver
  2885 | D:3      | Reached * piety under Zin
  2885 | D:3      | Reached ** piety under Zin
  2941 | D:3      | Reached skill level 5 in Dodging
  3318 | D:4      | Found Hiosuall's Weapon Shoppe.
  3391 | D:4      | Found Faint's Antique Weapon Boutique.
  3463 | D:4      | Found Seix's Food Emporium.
  3463 | D:4      | Noticed Blork the orc
  3475 | D:4      | Killed Blork the orc
  3549 | D:4      | Reached XP level 7. HP: 67/67 MP: 10/10
  3593 | D:4      | HP: 2/67 [poisoned by an orc wizard]
  3921 | D:4      | Learned a level 1 spell: Confusing Touch
  3954 | D:4      | Found Ufusonoe's Antique Armour Emporium.
  4252 | D:5      | Entered Level 5 of the Dungeon
  4380 | D:5      | Noticed Pikel
  4389 | D:5      | Killed Pikel
  4389 | D:5      | Reached XP level 8. HP: 44/74 MP: 10/12
  4772 | D:5      | Reached *** piety under Zin
  4815 | D:5      | Found a radiant altar of Vehumet.
  5498 | D:6      | Found a stormy altar of Qazlal.
  5580 | D:6      | Reached skill level 11 in Fighting
  5580 | D:6      | Reached XP level 9. HP: 38/79 MP: 14/14
  6113 | D:6      | HP: 3/79 [steam dragon/ball of steam (22)]
  6114 | D:6      | Engulfed by a steam dragon's steam

Levels and vault maps discovered:
D:1:      dpeg_arrival_long_road, layout_loops_ring
D:2:      layout_basic, xom_teletrap_fun, uniq_natasha
D:3:      gammafunk_steamed_eel, layout_loops_corners,
          chequers_temple_overflow_minitemple, uniq_robin
D:4:      layout_loops_cross, serial_shops, nicolae_shop_stone, shop_fountains,
          shop, shop_statue, kennysheep_generic_room_7, uniq_blork_the_orc
D:5:      layout_cave_pods, nicolae_overflow_crystal_walls, first_ration,
          uniq_pikel
D:6:      kennysheep_steamy, layout_basic, old_standard_altar, st_stairs_8

Skill      XL: |  1  2  3  4  5  6  7  8  9 |
---------------+----------------------------+-----
Fighting       | 11 | 11.0
Invocations    | 1 2 3 4 |  4.3
Short Blades   | 1 2 3 4 |  4.0
Long Blades    | 1 2 3 4 |  4.0
Axes           | 1 2 3 4 |  4.0
Maces & Flails | 1 2 3 4 |  4.0
Polearms       | 1 2 3 4 |  4.0
Staves         | 1 2 3 4 |  4.0
Slings         | 1 2 3 4 |  4.0
Bows           | 1 2 3 4 |  4.0
Crossbows      | 1 2 3 4 |  4.0
Armour         | 1 2 3 4 |  4.0
Shields        | 1 2 3 4 |  4.0
Unarmed Combat | 1 2 3 4 |  4.0
Spellcasting   | 1 2 3 4 |  4.0
Conjurations   | 1 2 3 |  3.2
Hexes          | 1 2 3 |  3.2
Charms         | 1 2 3 |  3.2
Summonings     | 1 2 3 |  3.2
Necromancy     | 1 2 3 |  3.2
Translocations | 1 2 3 |  3.2
Transmutations | 1 2 3 |  3.2
Fire Magic     | 1 2 3 |  3.2
Ice Magic      | 1 2 3 |  3.2
Air Magic      | 1 2 3 |  3.2
Earth Magic    | 1 2 3 |  3.2
Poison Magic   | 1 2 3 |  3.2
Throwing       | 3 4 |  4.8
Evocations     | 3 4 |  4.8
Stealth        | 3 4 |  4.6
Dodging        | 5 6 |  6.1

Action                   |  1- 3 |  4- 6 |  7- 9 || total
-------------------------+-------+-------+-------++-------
Melee: Spear             |   101 |   195 |    19 ||   315
       Bite              |     3 |     9 |    37 ||    49
       Dagger            |       |       |   318 ||   318
 Fire: Hunting sling     |       |    16 |    24 ||    40
Throw: Dart              |       |     2 |     9 ||    11
Evoke: Wand              |       |       |     2 ||     2
  Use: Scroll            |     2 |     4 |       ||     6
       Potion            |       |     2 |     3 ||     5
 Stab: Sleeping          |     2 |       |       ||     2
  Eat: Chunk             |       |     4 |     4 ||     8
       Ration            |       |     1 |     2 ||     3
Armor: Ring mail         |     9 |       |       ||     9
       Chain mail        |    19 |    84 |   155 ||   258
Dodge: Dodged            |    38 |    55 |   102 ||   195
Block: Buckler           |    17 |    39 |    92 ||   148

Table legend:
 A = Non-vault XP
 B = Vault XP
 C = Vault XP percentage of total XP
 D = Non-vault monster count
 E = Vault monster count
 F = Vault count percentage of total count
                 A         B        C        D         E       F
            +---------+---------+-------+---------+---------+-------
      Total |    1658 |    1227 |  42.5 |     131 |      17 |  11.5
            +---------+---------+-------+---------+---------+-------
        D:1 |      62 |       0 |   0.0 |      32 |       0 |   0.0
        D:2 |     102 |      36 |  26.1 |      20 |       1 |   4.8
        D:3 |     110 |     133 |  54.7 |      20 |      11 |  35.5
        D:4 |     208 |     135 |  39.4 |      12 |       2 |  14.3
        D:5 |     496 |     617 |  55.4 |      27 |       1 |   3.6
        D:6 |     680 |     306 |  31.0 |      20 |       2 |   9.1
            +---------+---------+-------+---------+---------+-------
